 Dungeon Crawl Stone Soup version 0.25.1-2-g60ff931df9 (webtiles) character file.

Game seed: 17853849700513579456

693 Acheron the Skirmisher (level 7, -4/44 HPs)
             Began as a Gargoyle Monk on Nov 1, 2020.
             Was a Believer of Okawaru.
             Slain by an orc warrior
             ... wielding a +0 halberd
              (19 damage)
             ... on level 6 of the Dungeon.
             The game lasted 00:22:57 (5295 turns).

Acheron the Skirmisher (Gargoyle Monk)              Turns: 5295, Time: 00:22:58

Health: -4/44      AC: 12    Str: 14 (15) XL:     7   Next: 64%
Magic:  7/7        EV: 11    Int:  9 (12) God:    Okawaru [**....]
Gold:   222        SH:  3    Dex: 13 (14) Spells: 6/6 levels left

rFire    . . .     SeeInvis .   a - +1 hand axe
rCold    . . .     Gourm    .   v - +0 buckler
rNeg     + . .     Faith    .   e - +1 ring mail
rPois    ∞         Spirit   .   (helmet restricted)
rElec    +         Reflect  .   (no cloak)
rCorr    .         Harm     .   (no gloves)
MR       .....                  (no boots)
Stlth    ++........             (no amulet)
HPRegen  0.14/turn              (no ring)
MPRegen  0.10/turn              (no ring)

@: no status effects
A: antennae 1, clever 1, negative energy resistance 1, shaggy fur 1, electricity
resistance, unbreathing, petrification resistance, rot immunity, AC +4
a: Heroism, Renounce Religion


You were on level 6 of the Dungeon.
You worshipped Okawaru.
Okawaru was pleased with you.
You were hungry.

You visited 2 branches of the dungeon, and saw 8 of its levels.

You collected 250 gold pieces.
You spent 28 gold pieces at shops.

Inventory:

Hand Weapons
 a - a +1 hand axe (weapon)
 n - a cursed -1 hunting sling
 s - a +0 war axe
 x - a +0 rapier
 y - a +2 dagger of venom
 B - a +2 mace of protection
Missiles
 f - 181 stones
 l - 10 poisoned darts
 m - 7 boomerangs (quivered)
 p - 43 sling bullets
Armour
 e - a +1 ring mail (worn)
 r - a +1 helmet
 v - a +0 buckler (worn)
Jewellery
 h - an uncursed ring of positive energy {unknown}
 j - an uncursed ring of ice {unknown}
Scrolls
 b - a scroll of enchant armour
 g - 4 scrolls of magic mapping
 o - 3 scrolls of teleportation
 t - a scroll of fog
 u - 2 scrolls of identify
 D - a scroll of acquirement {unknown}
Potions
 d - 2 potions of curing
 i - 2 potions of lignification
 k - a potion of cancellation
 q - a potion of might {unknown}
 w - a potion of stabbing
 z - a potion of brilliance {unknown}
 C - a potion of invisibility {unknown}
Comestibles
 c - 5 rations


   Skills:
 * Level 4.9 Fighting
 + Level 4.7 Axes
 * Level 2.4 Throwing
 + Level 1.5 Armour
 * Level 3.7 Dodging
 * Level 4.3 Stealth
 + Level 0.9 Shields


You had 6 spell levels left.
You didn't know any spells.
Your spell library was empty.

Dungeon Overview and Level Annotations

Branches:
Dungeon (7/15)             Temple (1/1) D:5

Altars:
Ashenzari
Cheibriados
Dithmenos
Elyvilon
Fedhas
Gozag
Hepliaklqana
Kikubaaqudgha
Makhleb
Nemelex Xobeh
Okawaru
Qazlal
Ru
Sif Muna
Trog
Uskayaw
Vehumet
Wu Jian
Xom
Yredelemnul
Zin
The Shining One

Shops:
D:4 %%:[?

Annotations:
D:2 exclusion: downstairs


Innate Abilities, Weirdness & Mutations

You are resistant to torment.
Your stone body is resilient. (AC +4)
You are immune to poison.
You resist negative energy. (rN+)
You are resistant to electric shocks. (rElec)
You can survive without breathing.
You are immune to petrification.
You are immune to rotting.
You have a pair of small antennae on your head.
Your mind is acute. (Int +2)
You are covered in fur. (AC +1)


Message History

The orc warrior wields a shortbow.
The orc moves out of view.
The orc warrior shouts!
You hear a shout!
The orc wizard hits you but does no damage.
You closely miss the orc wizard. You block the orc warrior's attack.
The orc wizard casts a spell at you.
The magic dart hits you but does no damage.
You hit the orc wizard.
The orc wizard is moderately wounded.
The orc wizard hits you but does no damage.
The orc warrior barely misses you.
You hit the orc wizard.
The orc wizard is severely wounded.
The orc wizard hits you but does no damage.
The orc warrior hits you from afar with a +0 halberd!!
Ouch! That really hurt!
The orc wizard misses you.
You hit the orc wizard.
The orc wizard is severely wounded.
The orc warrior hits you from afar with a +0 halberd!!
You die... ##.....## ##.......## ##... #.........# ...# +.........+ .... #...[.....# .o# ##...<...## oo#

##.....## #o#
##...## #o#
##+## #@# #.#
######.# #.#
#......# ##.##
#.######
##...####.###
#.....#.....#
##....##.#.#.#
##....###.#.#.#
....#####.#.#.#


You could see an orc warrior, an orc wizard and 3 orcs.

Vanquished Creatures
  A phantom (D:5)
  3 jellies
  8 orc wizards
  3 orc priests (D:5)
  A bullfrog skeleton (D:6)
  A worker ant (D:4)
  5 adders
  An ooze (D:2)
  3 adder skeletons
  2 worms (D:2)
  4 dart slugs
  A leopard gecko (D:5)
  19 orcs
  9 bats
  3 giant cockroaches
  6 goblins
  7 hobgoblins
  4 kobolds
  A ball python skeleton (D:4)
  A frilled lizard (D:3)
  A jackal zombie (D:5)
  A leopard gecko skeleton (D:5)
  2 rats
87 creatures vanquished.

Notes
Turn   | Place    | Note
-------+----------+-------------------------------------------
     0 | D:1      | Acheron the Gargoyle Monk began the quest for the Orb.
     0 | D:1      | Reached XP level 1. HP: 14/14 MP: 1/1
    89 | D:1      | Reached XP level 2. HP: 15/19 MP: 2/2
   566 | D:2      | Reached XP level 3. HP: 23/24 MP: 3/3
   624 | D:2      | Noticed a centaur
  1032 | D:3      | Reached XP level 4. HP: 18/29 MP: 4/4
  1208 | D:2      | Reached skill level 1 in Throwing
  2379 | D:4      | Found Coygyic's Antique Armour Boutique.
  2409 | D:4      | Reached XP level 5. HP: 28/33 MP: 5/5
  2422 | D:4      | Found Gurch's Book Boutique.
  2501 | D:4      | Found Xalyus's Magic Scroll Emporium.
  2507 | D:4      | Bought a scroll of fog for 28 gold pieces
  2606 | D:4      | Found Jiceesyxt's Food Boutique.
  2613 | D:4      | Found Reig's Food Boutique.
  2650 | D:4      | Gained mutation: Scrolls take you a little longer to read.
                  | [potion of mutation]
  2650 | D:4      | Gained mutation: Your skin changes colour to match your
                  | surroundings (Stealth+). [potion of mutation]
  2650 | D:4      | Lost mutation: Your skin changes colour to match your
                  | surroundings (Stealth+). [potion of mutation]
  2650 | D:4      | Gained mutation: You can translocate small distances at
                  | will. [potion of mutation]
  3006 | D:4      | Reached XP level 6. HP: 33/38 MP: 6/6
  3278 | D:5      | Entered Level 5 of the Dungeon
  3281 | D:5      | Noticed a phantom
  3308 | D:5      | Reached skill level 1 in Armour
  3372 | D:5      | Killed a phantom
  3372 | D:5      | Reached XP level 7. HP: 21/44 MP: 7/7
  3713 | D:5      | Found a shimmering altar of Xom.
  3856 | D:5      | Lost mutation: Scrolls take you a little longer to read.
                  | [potion of mutation]
  3856 | D:5      | Lost mutation: You can translocate small distances at will.
                  | [potion of mutation]
  3856 | D:5      | Gained mutation: You are covered in fur. (AC +1) [potion of
                  | mutation]
  3856 | D:5      | Gained mutation: Your mind is acute. (Int +2) [potion of
                  | mutation]
  3856 | D:5      | Gained mutation: You have a pair of small antennae on your
                  | head. [potion of mutation]
  4533 | D:5      | Found a staircase to the Ecumenical Temple.
  4540 | Temple   | Entered the Ecumenical Temple
  4679 | Temple   | Became a worshipper of Warmaster Okawaru
  4679 | Temple   | Reached * piety under Okawaru
  4679 | Temple   | Reached ** piety under Okawaru
  5295 | D:6      | Slain by an orc warrior

Illustrated notes

Levels and vault maps discovered:
D:1:      lightli_arrival_noodles, layout_loops_cross
D:2:      layout_basic, serial_forest, infiniplex_forest_clump_cross,
          infiniplex_forest_corner_2, infiniplex_forest_lined_4_way,
          infiniplex_forest_clump_medium, infiniplex_forest_clump_cross
D:3:      layout_basic
D:4:      layout_cave_pools, first_ration, serial_shops, kennysheep_little_box,
          shop, nicolae_shop_window_shopping, shop_statue, shop
D:5:      layout_basic, lemuel_coloured_pillars_altar,
          minmay_temple_entry_metal_lava
D:6:      layout_loops_corners, basic_altar, grunt_ministairs_8
D:7:      layout_loops_cross
Temple:   nicolae_temple_the_god_donut

Skill      XL: |  1  2  3  4  5  6 |
---------------+-------------------+-----
Axes           | 3 4 |  4.7
Stealth        | 3 4 |  4.3
Throwing       | 1 2 |  2.4
Dodging        | 3 |  3.7
Fighting       | 4 |  4.9
Armour         | 1 |  1.5
Shields        | |  0.9

Action                   |  1- 3 |  4- 6 |  7- 9 || total
-------------------------+-------+-------+-------++-------
Melee: Hand axe          |    81 |   237 |   111 ||   429
Throw: Dart              |       |     2 |       ||     2
       Boomerang         |       |    11 |       ||    11
  Use: Scroll            |       |    11 |     1 ||    12
       Potion            |       |     2 |     6 ||     8
 Stab: Sleeping          |     8 |     2 |       ||    10
  Eat: Chunk             |       |     4 |     3 ||     7
       Ration            |       |     1 |     1 ||     2
Armor: Robe              |    36 |    15 |       ||    51
       Ring mail         |       |   116 |    65 ||   181
Dodge: Dodged            |    75 |   128 |    62 ||   265
Block: Buckler           |       |    24 |    21 ||    45
